 Dungeon Crawl Stone Soup version 0.26.1-11-gd32895ea62 (webtiles) character file.

Game seed: 18106404893864428042

65 mankey1987 the Skirmisher (level 4, -1/48 HPs)
             Began as an Ogre Monk on May 26, 2021.
             Was a Believer of Qazlal.
             Slain by a gnoll (9 damage)
             ... on level 2 of the Dungeon.
             The game lasted 00:02:44 (1919 turns).

mankey1987 the Skirmisher (Ogre Monk)               Turns: 1919, Time: 00:02:46

Health: -1/48      AC:  3    Str: 15    XL:     4   Next: 13%
Magic:  4/13       EV: 11    Int: 11    God:    Qazlal [**....]
Gold:   59         SH:  8    Dex: 12    Spells: 3/3 levels left

rFire    . . .     SeeInvis .   a - +0 mace
rCold    . . .     Faith    .   (no shield)
rNeg     . . .     Spirit   .   b - +0 robe
rPois    .         Reflect  +   (helmet restricted)
rElec    .         Harm     .   (no cloak)
rCorr    .         Rampage  .   (gloves unavailable)
Will     .....                  (boots unavailable)
Stlth    +.........             g - amulet of reflection
HPRegen  0.16/turn              i - ring of magical power
MPRegen  0.13/turn              (no ring)

@: no status effects
A: large, unfitting armour, tough skin 1
a: Renounce Religion, Upheaval


You were on level 2 of the Dungeon.
You worshipped Qazlal.
Qazlal was pleased with you.
You visited 1 branch of the dungeon, and saw 2 of its levels.

You collected 59 gold pieces.

Inventory:

Hand Weapons
 a - a +0 mace (weapon)
Armour
 b - a +0 robe (worn)
Jewellery
 g - an amulet of reflection (around neck)
 i - a ring of magical power (left hand)
Scrolls
 c - 3 scrolls of identify {unknown}
 d - 3 scrolls of random uselessness {unknown}
 f - a scroll of immolation {unknown}
 k - a scroll of remove curse {unknown}
 m - a scroll of teleportation {unknown}
Potions
 e - 3 potions of curing {unknown}
 h - a potion of mutation {unknown}
 j - 3 potions of flight {unknown}
 l - 2 potions of invisibility {unknown}


   Skills:
 - Level 4.0 Fighting
 * Level 3.9 Maces & Flails
 + Level 3.3 Dodging
 - Level 1.4 Stealth


You had 3 spell levels left.
You didn't know any spells.
Your spell library was empty.

Dungeon Overview and Level Annotations

Branches:
Dungeon (2/15)

Altars:
Qazlal


Innate Abilities, Weirdness & Mutations

You are too large for most types of armour.
You have tough skin. (AC +1)


Message History

Press: ? - help, Dir - move target, f - gnoll
Aim: a gnoll, wielding a +0 flail That beam is likely to hit you.
Continue anyway?
Okay, then.
Aiming: Upheaval
Press: ? - help, Dir - move target, f/p - gnoll
Aim: a gnoll, wielding a +0 flail That beam is likely to hit you.
Continue anyway?
A blizzard blasts the area with ice!
The blast of ice hits the gnoll.
The gnoll is heavily wounded.
The gnoll is flash-frozen.
The gnoll closely misses you. You block the gnoll's attack.
The gnoll hits you with a +0 flail!
You barely miss the gnoll. The gnoll hits you with a +0 spear!
* * * LOW HITPOINT WARNING * * *
You block the gnoll's attack. x3; The gnoll closely misses you.
You hit the gnoll.
The gnoll is moderately wounded.
You block the gnoll's attack. The gnoll hits you!
You die...

#......## .
#......#......##.#. .
#......#.......#.. #.
#......#.#...#...#...
#......#...#...# ..#
#......#..###.###..#
##..○g°.#...#...#...##
#....@g...#...#...#...
#.###g#.....#...#.....
#.# #.####.###†###....
#.###<# #...#...#.....
#.##..###.#...#...#..#
##.#...##...#...#.....
##.##...######...##..##
#.##.....# #.....##.###
##_##....# #>###.##....


You could see 3 gnolls.

Vanquished Creatures
  A gnoll (D:2)
  An adder (D:2)
  2 oozes (D:1)
  A worm (D:2)
  A dart slug (D:1)
  2 leopard geckos
  3 giant cockroaches (D:1)
  5 goblins
  2 hobgoblins (D:1)
  A jackal (D:1)
  A quokka (D:2)
  A ball python (D:1)
  5 bats
  A frilled lizard (D:1)
  3 kobolds
  3 rats
33 creatures vanquished.

Notes
Turn   | Place    | Note
-------+----------+-------------------------------------------
     0 | D:1      | mankey1987 the Ogre Monk began the quest for the Orb.
     0 | D:1      | Reached XP level 1. HP: 24/24 MP: 1/1
   200 | D:1      | Reached XP level 2. HP: 31/32 MP: 2/2
   753 | D:1      | Reached XP level 3. HP: 39/39 MP: 3/3
  1575 | D:2      | Found a faded altar of an unknown god.
  1577 | D:2      | Became a worshipper of Qazlal Stormbringer
  1577 | D:2      | Reached * piety under Qazlal
  1577 | D:2      | Reached ** piety under Qazlal
  1917 | D:2      | Reached XP level 4. HP: 22/48 MP: 4/4
  1919 | D:2      | Slain by a gnoll

Illustrated notes

Levels and vault maps discovered:
D:1:      dpeg_arrival_chambers_temple_mockup, layout_basic, minmay_pentomino_u2
D:2:      layout_basic, chequers_ecumenical_altar_twisty,
          minmay_misc_feat_four_crosses

Skill      XL: |  1  2 |
---------------+-------+-----
Maces & Flails | 3 |  3.9
Dodging        | 3 |  3.3
Fighting       | |  4.0
Stealth        | |  1.4

Action                   |  1- 3 |  4- 6 || total
-------------------------+-------+-------++-------
Melee: Mace              |    89 |     2 ||    91
Invok: Upheaval          |     1 |     1 ||     2
 Stab: Sleeping          |     1 |       ||     1
Armor: Robe              |    30 |       ||    30
Dodge: Dodged            |    51 |     2 ||    53
Block: Other             |    24 |     5 ||    29
